 Dungeon Crawl Stone Soup version 0.25-a0-549-g6e6e6501ad (webtiles) character file.

Game seed: 1598812089311068692, levelgen mode: deterministic

3689 vurker the Zephyrmancer (level 9, -18/43 HPs)
             Began as a Felid Air Elementalist on Feb 23, 2020.
             Was an Elder of Vehumet.
             Killed from afar by Gastronok the iron giant (44 damage)
             ... with an iron shot
             ... on level 1 of the Lair of Beasts.
             The game lasted 00:27:07 (22246 turns).

vurker the Zephyrmancer (Felid Air Elementalist)   Turns: 22246, Time: 00:27:08

Health: -18/43     AC:  2    Str:  6    XL:     9   Next: 90%
Magic:  24/24      EV: 19    Int: 20    God:    Vehumet [****..]
Gold:   165        SH:  0    Dex: 17    Spells: 12/28 levels left
                                        Lives:  0   Deaths: 2

rFire    + . .     SeeInvis +   (weapon unavailable)
rCold    . . .     Gourm    .   (shield unavailable)
rNeg     . . .     Faith    .   (armour unavailable)
rPois    .         Spirit   .   (helmet unavailable)
rElec    .         Reflect  .   (cloak unavailable)
rCorr    .         Harm     .   (gloves unavailable)
MR       +....     Clarity  +   (boots unavailable)
Stlth    +++.......             r - amulet of magic regeneration
HPRegen  0.14/turn              (no ring)
MPRegen  0.44/turn              m - ring of protection from fire

@: quick
A: very small, no armour, no weapons or thrown items, stealth, claws 1, fangs 3,
see invisible, carnivore, clarity, speed 1, shaggy fur 2, slow metabolism 1,
strong 1, sharp paws
a: Renounce Religion


You were on level 1 of the Lair of Beasts.
You worshipped Vehumet.
Vehumet was greatly pleased with you.
You were not hungry.

You visited 3 branches of the dungeon, and saw 13 of its levels.

You collected 480 gold pieces.
You spent 315 gold pieces at shops.

Inventory:

Jewellery
 m - a ring of protection from fire (right paw)
   (You acquired it on level 6 of the Dungeon)
 r - an amulet of magic regeneration (around neck)
   (You found it on level 11 of the Dungeon)
Wands
 d - a wand of iceblast (5)
   (You found it on level 10 of the Dungeon)
 h - a wand of polymorph (2)
   (You found it on level 9 of the Dungeon)
 x - a wand of acid (2)
   (You took it off an orc on level 8 of the Dungeon)
Scrolls
 g - 3 scrolls of magic mapping
 i - 5 scrolls of teleportation
 n - a scroll of blinking
 q - a scroll of remove curse
 s - a scroll of vulnerability {unknown}
 t - a scroll of fear
Potions
 a - a potion of magic
 b - 2 potions of haste
 c - 8 potions of curing
 f - a potion of flight
 j - 2 potions of brilliance
 k - a potion of invisibility
 l - 4 potions of lignification
 o - a potion of cancellation
Comestibles
 e - 22 rations
 p - 4 chunks of flesh


   Skills:
 + Level 7.6 Fighting
 + Level 3.4 Dodging
 - Level 2.6 Stealth
 * Level 10.2 Spellcasting
 - Level 8.1 Conjurations
 * Level 10.4 Air Magic
 + Level 1.4 Evocations


You had 12 spell levels left.
You knew the following spells:

 Your Spells              Type           Power        Failure   Level  Hunger
a - Shock                 Conj/Air       ####         1%          1    None
b - Lightning Bolt        Conj/Air       #####.....   1%          5    ####...
c - Airstrike             Air            ######....   1%          4    ##.....
q - Olgreb's Toxic Radia  Pois           ##......     17%         4    ##.....
w - Blink                 Tloc           N/A          11%         2    None

Your spell library contained the following spells:

 Spells                   Type           Power        Failure   Level  Hunger
 Lee's Rapid Deconstruct  Erth           ##........   41%         5    ####...
 Magic Dart               Conj           ####         1%          1    None
 Poisonous Vapours        Pois/Air       ####..       1%          2    None
 Searing Ray              Conj           #####.       1%          2    None
 Swiftness                Chrm/Air       ####....     1%          2    None
 Conjure Flame            Conj/Fire      ####....     1%          3    None
 Dazzling Flash           Conj/Hex       ####..       1%          3    None
 Mephitic Cloud           Conj/Pois/Air  #####...     1%          3    None
 Static Discharge         Conj/Air       #####...     1%          3    None
 Fulminant Prism          Conj/Hex       ####......   3%          4    ##.....
 Iskenderun's Mystic Bla  Conj/Tloc      ####....     3%          4    ##.....
 Ignite Poison            Fire/Tmut/Pois ##......     5%          3    None
 Animate Skeleton         Necr           N/A          7%          1    None
 Apportation              Tloc           ##....       7%          1    None
 Corona                   Hex            ##.....      7%          1    None
 Pain                     Necr           ##..         7%          1    None
 Sting                    Tmut/Pois      ##..         7%          1    None
 Summon Small Mammal      Summ           ##..         7%          1    None
 Call Imp                 Summ           ##......     11%         2    None
 Slow                     Hex            ##......     11%         2    None


Dungeon Overview and Level Annotations

Branches:
Dungeon (11/15)            Temple (1/1) D:5            Lair (1/6) D:11
    Orc (0/2) D:10

Altars:
Ashenzari
Cheibriados
Dithmenos
Elyvilon
Fedhas
Gozag
Hepliaklqana
Kikubaaqudgha
Makhleb
Nemelex Xobeh
Okawaru
Qazlal
Ru
Sif Muna
Trog
Uskayaw
Vehumet
Wu Jian
Xom
Yredelemnul
Zin
The Shining One

Shops:
D:8 *   D:10 [

Annotations:
Lair:1 1 transporter, Gastronok; Xutuduuch's ghost, journeyman DDFi


Innate Abilities, Weirdness & Mutations

You cannot wear armour.
You are incapable of wielding weapons or throwing items.
Your paws allow you to move quietly. (Stealth)
You have sharp claws.
You have razor-sharp teeth.
You have supernaturally acute eyesight. (SInv)
You are carnivorous and can eat meat at any time.
You cover ground quickly.
You are covered in thick fur. (AC +2)
You have a slow metabolism.
Your sharp claws are effective at attacking unaware monsters.
You possess an exceptional clarity of mind.
Your muscles are strong. (Str +2)


Message History

Ouch! That really hurt!
* * * LOW HITPOINT WARNING * * *
Unknown command.
Gastronok gurgles, "I'll eat you, I will!"
Gastronok fires a harpoon shot at you. The harpoon shot hits you!
You die...
You are yanked forward by the harpoon shot.
You are now level 10!
You rejoin the land of the living...
You miscast Blink.
You are very lightly contaminated with residual magic.
The floor and the ceiling briefly switch places.
Gastronok is no longer covered in acid.
Gastronok closely misses you.
Aim: Gastronok the iron giant (lightly wounded)
The bolt of acid hits Gastronok.
Gastronok is splashed with acid.
The acid corrodes Gastronok!
Aim: Gastronok the iron giant (lightly wounded, covered in acid)
The bolt of acid hits Gastronok.
Gastronok is splashed with acid.
Gastronok gestures at you while chanting.
The iron shot hits you!!
Ouch! That really hurt!
* * * LOW HITPOINT WARNING * * *
You scratch Gastronok but do no damage. Gastronok hits you!!!
Ouch! That really hurt!
You die...
You are now level 9!
You rejoin the land of the living...
A crocodile is nearby!
The crocodile completely misses you.
You barely miss the crocodile. The crocodile barely misses you.
The crocodile barely misses you.
You scratch the crocodile but do no damage.
Your bite misses the crocodile. The crocodile closely misses you.
The water moccasin hisses angrily.
The crocodile completely misses you. The crocodile completely misses you.
The bullfrog croaks.
The eight-headed hydra roars!
You scratch the crocodile. The crocodile barely misses you.
The crocodile misses you.
You scratch the crocodile but do no damage.
The crocodile completely misses you. The crocodile closely misses you.
You closely miss the crocodile. The crocodile closely misses you.
You scratch the crocodile but do no damage.
The crocodile bites you!
Gastronok gestures at you while chanting.
The iron shot hits you!!!
Ouch! That really hurt!
You die...

..#....# #.##...#
####...# #....# #
##....P # #....#
######## # #
#....##.#..#.##.## #
..............#F .
P.....C.@t....#D ...
#..............#S ...#
##...#.#####.P...#..
.#..##.[Y # ###..#..
#.....Y! .#.. ......##
### ..#..
#...Y.####.#######..##8
#...................##
#....................


You could see Gastronok the iron giant, an eight-headed hydra, a water moccasin,
a crocodile and a bullfrog.

Vanquished Creatures
  2 two-headed ogres
  Urug (D:11)
  Nergalle (D:11)
  Sonja (D:11)
  A cyclops (D:11)
  Joseph (D:8)
  A black mamba (Lair:1)
  A spiny frog (Lair:1)
  A queen bee (D:11)
  A troll (D:11)
  3 blink frogs (Lair:1)
  A hippogriff (D:11)
  A spriggan (D:9)
  A shadow (D:11)
  7 yaks
  Sigmund (D:2)
  A wraith (D:11)
  Grum (D:9)
  Edmund (D:5)
  Duvessa (D:5)
  3 ice beasts
  A porcupine (Lair:1)
  3 necrophages
  5 orc warriors
  2 sky beasts
  5 black bears
  10 ogres
  2 wolves (D:9)
  5 centaurs
  A crocodile (D:10)
  2 big kobolds
  A wyvern zombie (D:7)
  7 bullfrogs
  Dowan (D:5)
  5 scorpions
  22 killer bees
  A water moccasin skeleton (D:5)
  4 howler monkeys
  4 electric eels (D:10)
  4 crimson imps
  A quasit (D:11)
  10 orc wizards
  A bullfrog skeleton (D:5)
  7 hounds
  An iron imp (D:5)
  Crazy Yiuf (D:2)
  6 orc priests
  Jessica (D:2)
  Terence (D:3)
  11 worker ants
  A killer bee zombie (D:6)
  3 hound skeletons
  A howler monkey zombie (D:10)
  Robin (D:2)
  A howler monkey skeleton (D:6)
  5 adders
  2 shadow imps (D:6)
  3 oozes
  7 worms
  2 dart slugs
  3 leopard geckos
  50 orcs
  4 bats
  5 giant cockroaches
  24 goblins
  14 hobgoblins
  28 jackals
  6 quokkas
  5 frilled lizards
  A goblin skeleton (D:5)
  A goblin zombie (D:5)
  A hobgoblin zombie (D:5)
  A jackal skeleton (D:6)
  15 kobolds
  A kobold skeleton (D:5)
  2 leopard gecko skeletons
  A leopard gecko zombie (D:5)
  3 orc skeletons (D:5)
  A quokka skeleton (D:5)
  5 rats
354 creatures vanquished.

Vanquished Creatures (others)
  A fungus (Lair:1)
  A plant (D:5)
2 creatures vanquished.

Grand Total: 356 creatures vanquished

Notes
Turn   | Place    | Note
-------+----------+-------------------------------------------
     0 | D:1      | vurker the Felid Air Elementalist began the quest for the
                  | Orb.
     0 | D:1      | Reached XP level 1. HP: 7/7 MP: 4/4
   141 | D:1      | Reached skill level 1 in Conjurations
   365 | D:1      | Reached XP level 2. HP: 12/12 MP: 3/6
   588 | D:1      | You fall into a shaft and drop 1 floor!
   775 | D:2      | Reached skill level 1 in Fighting
   775 | D:2      | Reached XP level 3. HP: 15/15 MP: 0/7
  2265 | D:2      | Reached XP level 4. HP: 19/19 MP: 2/9
  2406 | D:2      | Noticed Robin
  2481 | D:2      | Killed Robin
  2736 | D:2      | Noticed Jessica
  2741 | D:2      | Killed Jessica
  2761 | D:2      | Identified Jessica's Disquisition on Dark Rites
  2827 | D:2      | Noticed Sigmund
  2992 | D:2      | Killed Sigmund
  2992 | D:2      | Reached XP level 5. HP: 10/22 MP: 1/11
  2992 | D:2      | Gained mutation: You are covered in thick fur. (AC +2)
                  | [Felid growth]
  2992 | D:2      | Reached XP level 6. HP: 12/26 MP: 1/12
  3184 | D:2      | Found a runed translucent door.
  3185 | D:2      | Noticed Crazy Yiuf
  3280 | D:2      | Found a burning altar of Makhleb.
  3299 | D:2      | Learned a level 5 spell: Lightning Bolt
  3304 | D:2      | Learned a level 4 spell: Airstrike
  3706 | D:2      | Killed Crazy Yiuf
  4155 | D:3      | Found a hide-covered altar of Uskayaw.
  4750 | D:3      | Noticed Terence
  4788 | D:3      | Killed Terence
  5627 | D:4      | Reached XP level 7. HP: 12/30 MP: 1/14
  5982 | D:4      | Reached skill level 5 in Air Magic
  6649 | D:5      | Entered Level 5 of the Dungeon
  6839 | D:5      | Found a glowing golden altar of the Shining One.
  6840 | D:5      | Noticed Edmund
  6997 | D:5      | Noticed Duvessa
  7526 | D:5      | Noticed Dowan
  7746 | D:5      | Killed Duvessa
  7746 | D:5      | Reached skill level 5 in Spellcasting
  7758 | D:5      | Killed Dowan
  7758 | D:5      | Reached XP level 8. HP: 22/34 MP: 5/16
  7878 | D:5      | Found a staircase to the Ecumenical Temple.
  7888 | Temple   | Entered the Ecumenical Temple
  8074 | Temple   | Became a worshipper of Vehumet
  9012 | D:5      | Killed Edmund
  9882 | D:6      | Learned a level 2 spell: Blink
 10246 | D:6      | Found a sacrificial altar of Ru.
 10254 | D:6      | Reached * piety under Vehumet
 10254 | D:6      | Offered knowledge of Freeze by Vehumet.
 10376 | D:6      | Identified a scroll of acquirement
 10376 | D:6      | Identified the Guide on Bewitching Battle Magic (You
                  | acquired it on level 6 of the Dungeon)
 10576 | D:6      | Gained mutation: You possess an exceptional clarity of
                  | mind. [potion of mutation]
 10576 | D:6      | Gained mutation: Your muscles are strong. (Str +2) [potion
                  | of mutation]
 10586 | D:6      | Noticed a two-headed ogre
 10613 | D:6      | Killed a two-headed ogre
 10613 | D:6      | Reached XP level 9. HP: 39/39 MP: 1/20
 11500 | D:7      | Reached skill level 5 in Fighting
 11548 | D:7      | Found a white marble altar of Elyvilon.
 11672 | D:7      | Found a shimmering altar of Xom.
 11714 | D:7      | Reached skill level 5 in Conjurations
 12966 | D:8      | Noticed Joseph
 13096 | D:8      | Found a blossoming altar of Fedhas.
 13382 | D:8      | Killed Joseph
 13382 | D:8      | Reached XP level 10. HP: 45/45 MP: 5/22
 13839 | D:8      | Found a stormy altar of Qazlal.
 14058 | D:8      | Reached ** piety under Vehumet
 14133 | D:8      | Found Ezafoir's Assorted Antiques.
 14257 | D:8      | Offered knowledge of Searing Ray by Vehumet.
 15318 | D:9      | Noticed Grum
 15322 | D:9      | Killed Grum
 16541 | D:9      | Offered knowledge of Stone Arrow by Vehumet.
 16611 | D:10     | Entered Level 10 of the Dungeon
 16743 | D:8      | Bought a hardcover book for 315 gold pieces
 17107 | D:10     | Reached *** piety under Vehumet
 17250 | D:10     | Found Zesipew's Antique Armour Boutique.
 18103 | D:10     | Found a staircase to the Orcish Mines.
 18358 | D:11     | Offered knowledge of Olgreb's Toxic Radiance by Vehumet.
 18364 | D:11     | Learned a level 4 spell: Olgreb's Toxic Radiance
 18676 | D:11     | Noticed a cyclops
 18693 | D:11     | Killed a cyclops
 18693 | D:11     | Reached XP level 11. HP: 14/49 MP: 2/25
 19098 | D:11     | Noticed a two-headed ogre
 19113 | D:11     | Killed a two-headed ogre
 19113 | D:11     | Reached **** piety under Vehumet
 19386 | D:11     | Found a staircase to the Lair.
 19386 | D:11     | Noticed Sonja
 19390 | D:11     | Offered knowledge of Lee's Rapid Deconstruction by Vehumet.
 19524 | D:11     | Killed Sonja
 19760 | D:11     | Noticed Nergalle
 19769 | D:11     | Killed Nergalle
 20563 | D:11     | Reached skill level 10 in Air Magic
 21198 | D:11     | Noticed Urug
 21206 | D:11     | Killed Urug
 21206 | D:11     | Reached skill level 10 in Spellcasting
 21536 | Lair:1   | Entered Level 1 of the Lair of Beasts
 21610 | Lair:1   | Noticed an eight-headed hydra
 21610 | Lair:1   | Noticed Gastronok
 22019 | Lair:1   | Reached skill level 1 in Evocations
 22185 | Lair:1   | Noticed Gastronok
 22185 | Lair:1   | Gastronok changed into Gastronok the iron giant
 22212 | Lair:1   | HP: 1/50 [Gastronok the iron giant/iron shot (30)]
 22218 | Lair:1   | Killed from afar by Gastronok the iron giant
 22219 | Lair:1   | Reached XP level 10. HP: -12/47 MP: 13/25
 22225 | Lair:1   | Demolished by Gastronok the iron giant
 22226 | Lair:1   | Reached XP level 9. HP: -20/43 MP: 24/24
 22233 | Lair:1   | Found a transporter.
 22243 | Lair:1   | Noticed Xutuduuch's ghost (journeyman DDFi)
 22246 | Lair:1   | Killed from afar by Gastronok the iron giant

Levels and vault maps discovered:
D:1:      lightli_arrival_farm, layout_basic
D:2:      layout_basic, lightli_temple_of_fire, kennysheep_jessica_study,
          uniq_robin, uniq_crazy_yiuf_cottage, uniq_sigmund
D:3:      layout_basic, eat_drink_and_be_merry_uskayaw, uniq_terence
D:4:      layout_gridville, first_ration
D:5:      layout_basic, minmay_temple_entry_gardened_gates,
          nicolae_tso_besieged_by_evil, uniq_edmund, uniq_duvessa
D:6:      layout_cave_pods, basic_altar
D:7:      layout_loops_ring, basic_altar, elyvilon_altar_5
D:8:      layout_rooms, nicolae_qazlal_general_emergency, enter_bailey_3,
          basic_altar, serial_shops, shop, uniq_joseph
D:9:      layout_gridville, minmay_liquid_box, the_bakery, uniq_grum
D:10:     layout_basic, hiddenorc1_lemuel, serial_shops, shop
D:11:     layout_loops_cross, lair_entry_dummy, minivault_7, uniq_urug,
          uniq_nergalle, uniq_sonja
Temple:   dpeg_five_rooms_temple
Lair:1:   lemuel_slime, layout_concentric_octagons, gammafunk_ghost_arena,
          uniq_gastronok

Skill      XL: |  1  2  3  4  5  6  7  8  9 10 11 |
---------------+----------------------------------+-----
Conjurations   | 1 2 3 4 5 6 8 |  8.1
Air Magic      | 3 4 5 7 8 9 10 | 10.4
Fighting       | 1 2 3 4 5 6 7 |  7.6
Spellcasting   | 3 4 5 6 7 9 10 | 10.2
Dodging        | 3 |  3.4
Evocations     | 1 |  1.4
Stealth        | |  2.6

Action                   |  1- 3 |  4- 6 |  7- 9 | 10-12 || total
-------------------------+-------+-------+-------+-------++-------
Melee: Unarmed           |    56 |       |    47 |    10 ||   113
       Bite              |     4 |       |     4 |       ||     8
 Cast: Shock             |    93 |   183 |    80 |    25 ||   381
       Airstrike         |       |     4 |   135 |   283 ||   422
       Lightning Bolt    |       |       |       |     1 ||     1
Evoke: Wand              |       |       |     7 |    10 ||    17
  Use: Scroll            |     1 |     6 |    12 |     6 ||    25
       Potion            |       |       |     1 |       ||     1
 Stab: Paralysed         |       |       |     9 |       ||     9
  Eat: Chunk             |    11 |     7 |    31 |    39 ||    88
Armor: Skin              |     1 |     4 |     7 |     4 ||    16
Dodge: Dodged            |    92 |    42 |    97 |    44 ||   275

Table legend:
 A = Non-vault XP
 B = Vault XP
 C = Vault XP percentage of total XP
 D = Non-vault monster count
 E = Vault monster count
 F = Vault count percentage of total count
                 A         B        C        D         E       F
            +---------+---------+-------+---------+---------+-------
      Total |   14908 |    5921 |  28.4 |     282 |      72 |  20.3
            +---------+---------+-------+---------+---------+-------
        D:1 |      58 |       0 |   0.0 |      27 |       0 |   0.0
        D:2 |      73 |     328 |  81.8 |      22 |      17 |  43.6
        D:3 |     111 |      36 |  24.5 |      25 |       1 |   3.8
        D:4 |     560 |       0 |   0.0 |      21 |       0 |   0.0
        D:5 |     650 |     425 |  39.5 |      23 |      11 |  32.4
        D:6 |    1741 |       0 |   0.0 |      24 |       0 |   0.0
        D:7 |    1187 |       0 |   0.0 |      19 |       0 |   0.0
        D:8 |     929 |     467 |  33.5 |      21 |       5 |  19.2
        D:9 |    1224 |     654 |  34.8 |      38 |       4 |   9.5
       D:10 |     930 |     172 |  15.6 |      14 |      13 |  48.1
       D:11 |    5002 |    3839 |  43.4 |      39 |      21 |  35.0
     Lair:1 |    2443 |       0 |   0.0 |       9 |       0 |   0.0
            +---------+---------+-------+---------+---------+-------
